 Dungeon Crawl Stone Soup version bcrawl-1.27.1d (webtiles) character file.

Game seed: 5871088452712452990

185067 Freyura the Shield-Bearer (level 5, -5/47 HPs)
             Began as a Gnoll Fighter on July 24, 2020.
             Killed by divine providence
             ... invoked by an orc priest
              (12 damage)
             ... on level 3 of the Dungeon.
             The game lasted 00:04:05 (1466 turns).

Freyura the Shield-Bearer (Gnoll Fighter)           Turns: 1466, Time: 00:04:05

Health: -5/47      AC: 10    Str: 18    XL:     5   Next: 12%
Magic:  6/7        EV:  1    Int: 13    God:
Gold:   130        SH: 15    Dex: 16    Spells: 6/6 levels left

rFire    . . .     SeeInvis .   a - +0 flail
rCold    . . .     Gourm    .   n - +0 large shield
rNeg     . . .     Faith    .   b - +0 scale mail
rPois    .         Spirit   .   m - +0 hat {Int+3}
rElec    .         Reflect  .   (no cloak)
rCorr    .         Harm     .   (no gloves)
MR       .....                  h - +1 pair of boots
Stlth    +.........             (no amulet)
HPRegen  0.15/turn              (no ring)
MPRegen  0.10/turn              (no ring)

@: lethally poisoned (-5 -> -5)
A: distributed training, fangs 1, strong nose
a: no special abilities


You were on level 3 of the Dungeon.
You were hungry.

You visited 1 branch of the dungeon, and saw 3 of its levels.

You collected 130 gold pieces.

Inventory:

Hand Weapons
 a - a +0 flail (weapon)
Armour
 b - a +0 scale mail (worn)
 c - a +0 medium shield
 h - a +1 pair of boots (worn)
 m - a +0 hat of intelligence (worn)
 n - a +0 large shield (worn)
Wands
 o - a wand of paralysis (5)
Scrolls
 i - 3 scrolls of identify
 k - a scroll of teleportation
Potions
 d - 2 potions of might
 f - a potion of resistance
 j - a potion of heal wounds
 l - a potion of brilliance
Comestibles
 e - 3 rations {!d}


   Skills:
 + Level 6.6 Fighting
 + Level 1.3 Short Blades
 + Level 1.3 Long Blades
 + Level 1.3 Axes
 + Level 4.7 Maces & Flails
 + Level 1.3 Polearms
 + Level 1.3 Staves
 + Level 1.3 Slings
 + Level 1.3 Bows
 + Level 1.3 Crossbows
 + Level 1.3 Throwing
 + Level 6.6 Armour
 + Level 1.3 Dodging
 + Level 1.3 Stealth
 + Level 6.6 Shields
 + Level 1.3 Unarmed Combat
 + Level 1.3 Spellcasting
 + Level 1.1 Conjurations
 + Level 1.1 Hexes
 + Level 1.1 Charms
 + Level 1.1 Summonings
 + Level 1.1 Necromancy
 + Level 1.1 Translocations
 + Level 1.1 Transmutations
 + Level 1.1 Fire Magic
 + Level 1.1 Ice Magic
 + Level 1.1 Air Magic
 + Level 1.1 Earth Magic
 + Level 1.1 Poison Magic
 + Level 1.5 Invocations
 + Level 1.3 Evocations


You had 6 spell levels left.
You didn't know any spells.
Your spell library was empty.

Dungeon Overview and Level Annotations

Branches:
Dungeon (3/12)

Altars:
Fedhas
Okawaru
Ru
Wu Jian


Innate Abilities, Weirdness & Mutations

Your experience applies equally to all skills.
You have very sharp teeth.
Your uncanny sense of smell can sniff out nearby items.


Message History

The orc wizard hits you but does no damage. x2
You block the adder's attack. The orc hits you but does no damage.
You block the orc wizard's attack. You block the adder's attack.
You thump the adder!
You kill the adder!
You feel sick. You block the orc wizard's attack. You block the orc's attack.
The orc wizard casts a spell.
The orc wizard blinks!
You hit the orc priest.
The orc priest is heavily wounded.
You block the orc's attack. You block the orc priest's attack.
The orc priest hits you but does no damage.
You block the orc's attack.
Your shield and scale mail prevent you from hitting the orc priest.
Your bite misses the orc priest.
The orc priest is moderately wounded.
You feel sick.
The orc priest invokes the aid of Beogh against you.
Beogh smites you!
You die...

∆ # ### #o ..#
#.. .. .o #.
#..#.#o##########
#...o@....$...
#####o%#####.#
#..# ###.#
#..###...#
#......#.#
#.######.### #.#
#...# #.# ##...#
#.# ##.#.## ∆


You could see an orc priest, an orc wizard and an orc.

Vanquished Creatures
  7 adders
  5 worms
  A dart slug (D:1)
  An orc (D:3)
  4 giant cockroaches
  5 goblins
  6 hobgoblins
  3 quokkas
  A ball python (D:1)
  5 bats
  3 frilled lizards
  6 kobolds
  3 rats
50 creatures vanquished.

Notes
Turn   | Place    | Note
-------+----------+-------------------------------------------
     0 | D:1      | Freyura the Gnoll Fighter began the quest for the Orb.
     0 | D:1      | Reached XP level 1. HP: 23/23 MP: 1/1
   123 | D:1      | Reached XP level 2. HP: 29/29 MP: 2/2
   666 | D:2      | Reached XP level 3. HP: 35/35 MP: 3/3
   801 | D:2      | Reached skill level 1 in Invocations
   813 | D:2      | Found a sacrificial altar of Ru.
   992 | D:2      | Reached skill level 1 in Short Blades
   992 | D:2      | Reached skill level 1 in Long Blades
   992 | D:2      | Reached skill level 1 in Axes
   992 | D:2      | Reached skill level 1 in Polearms
   992 | D:2      | Reached skill level 1 in Staves
   992 | D:2      | Reached skill level 1 in Slings
   992 | D:2      | Reached skill level 1 in Bows
   992 | D:2      | Reached skill level 1 in Crossbows
   992 | D:2      | Reached skill level 1 in Throwing
   992 | D:2      | Reached skill level 1 in Dodging
   992 | D:2      | Reached skill level 1 in Stealth
   992 | D:2      | Reached skill level 1 in Unarmed Combat
   992 | D:2      | Reached skill level 1 in Spellcasting
   992 | D:2      | Reached skill level 1 in Evocations
  1079 | D:2      | Found an ornate altar of the Wu Jian Council.
  1170 | D:2      | Reached XP level 4. HP: 31/41 MP: 5/5
  1278 | D:3      | Found an iron altar of Okawaru.
  1366 | D:3      | Reached skill level 1 in Conjurations
  1366 | D:3      | Reached skill level 1 in Hexes
  1366 | D:3      | Reached skill level 1 in Charms
  1366 | D:3      | Reached skill level 1 in Summonings
  1366 | D:3      | Reached skill level 1 in Necromancy
  1366 | D:3      | Reached skill level 1 in Translocations
  1366 | D:3      | Reached skill level 1 in Transmutations
  1366 | D:3      | Reached skill level 1 in Fire Magic
  1366 | D:3      | Reached skill level 1 in Ice Magic
  1366 | D:3      | Reached skill level 1 in Air Magic
  1366 | D:3      | Reached skill level 1 in Earth Magic
  1366 | D:3      | Reached skill level 1 in Poison Magic
  1400 | D:3      | Found a blossoming altar of Fedhas.
  1456 | D:3      | Reached XP level 5. HP: 36/47 MP: 6/6
  1466 | D:3      | Killed from afar by an orc priest

Skill      XL: |  1  2  3  4 |
---------------+-------------+-----
Invocations    | 1 |  1.5
Short Blades   | 1 |  1.3
Long Blades    | 1 |  1.3
Axes           | 1 |  1.3
Polearms       | 1 |  1.3
Staves         | 1 |  1.3
Slings         | 1 |  1.3
Bows           | 1 |  1.3
Crossbows      | 1 |  1.3
Throwing       | 1 |  1.3
Dodging        | 1 |  1.3
Stealth        | 1 |  1.3
Unarmed Combat | 1 |  1.3
Spellcasting   | 1 |  1.3
Evocations     | 1 |  1.3
Conjurations   | 1 |  1.1
Hexes          | 1 |  1.1
Charms         | 1 |  1.1
Summonings     | 1 |  1.1
Necromancy     | 1 |  1.1
Translocations | 1 |  1.1
Transmutations | 1 |  1.1
Fire Magic     | 1 |  1.1
Ice Magic      | 1 |  1.1
Air Magic      | 1 |  1.1
Earth Magic    | 1 |  1.1
Poison Magic   | 1 |  1.1
Fighting       | |  6.6
Maces & Flails | |  4.7
Armour         | |  6.6
Shields        | |  6.6

Action                   |  1- 3 |  4- 6 || total
-------------------------+-------+-------++-------
Melee: Flail             |    83 |    56 ||   139
       Bite              |    14 |     6 ||    20
  Use: Scroll            |     2 |     5 ||     7
  Eat: Chunk             |     3 |     3 ||     6
Armor: Scale mail        |    31 |    35 ||    66
Dodge: Dodged            |    17 |     1 ||    18
Block: Medium shield     |    38 |       ||    38
       Large shield      |    18 |    69 ||    87
